 Dungeon Crawl Stone Soup version 0.24.0-13-gcf9b319 (webtiles) character file.

Game seed: 12045508695255997216, levelgen mode: deterministic

1875 Balder the Twirler (level 8, 0/48 HPs)
             Began as a Demonspawn Berserker on Apr 1, 2020.
             Was an Elder of Trog.
             Slain by a water moccasin (4 damage)
             ... on level 6 of the Dungeon.
             The game lasted 00:23:46 (5086 turns).

Balder the Twirler (Demonspawn Berserker)           Turns: 5086, Time: 00:23:47

Health: 0/48       AC: 13    Str: 18    XL:     8   Next: 91%
Magic:  8/8        EV:  9    Int:  9    God:    Trog [****..]
Gold:   230        SH:  0    Dex: 14    Spells: 7/7 levels left

rFire    . . .     SeeInvis .   a - +0 mace
rCold    . . .     Gourm    .   (no shield)
rNeg     . . .     Faith    .   d - +0 chain mail
rPois    +         Spirit   .   (helmet restricted)
rElec    .         Reflect  .   n - +1 cloak {rPois}
rCorr    .         Harm     .   (no gloves)
MR       +....                  (no boots)
Stlth    ..........             B - amulet "Kitoatep" {*Contam rPois MR+ Regen+}
HPRegen  0.56/turn              t - ring of stealth
MPRegen  0.11/turn              (no ring)

@: lethally poisoned (0 -> 0)
A: hooves 1, horns 1, icy blue scales 1, frail 2, powered by death 1
a: Berserk, Trog's Hand, Brothers in Arms, Renounce Religion


You were on level 6 of the Dungeon.
You worshipped Trog.
Trog was greatly pleased with you.
You were hungry.

You visited 1 branch of the dungeon, and saw 6 of its levels.

You collected 230 gold pieces.

Inventory:

Hand Weapons
 a - a +0 mace (weapon)
 b - a +4 quarterstaff of chaos
 k - a +0 hunting sling
 C - a cursed +0 hunting sling
 F - a +2 short sword of venom
Missiles
 r - 48 bolts
 x - 8 boomerangs (quivered)
Armour
 d - a +0 chain mail (worn)
 n - a +1 cloak of poison resistance (worn)
Magical Staves
 D - an uncursed staff of cold {unknown}
Jewellery
 t - a ring of stealth (left hand)
 A - an uncursed ring of magical power
 B - the amulet "Kitoatep" (around neck) {*Contam rPois MR+ Regen+}
   (You found it on level 5 of the Dungeon)

   [amulet of regeneration]

   It protects you from poison.
   It affects your resistance to hostile enchantments.
   It causes magical contamination when unequipped.
   It increases your rate of regeneration.
Wands
 f - a wand of polymorph (25)
 p - a wand of iceblast (11)
 v - a wand of enslavement (11)
 w - a wand of acid (6)
Scrolls
 g - a scroll of teleportation {unknown}
 j - a scroll of enchant armour
 s - a scroll of remove curse {unknown}
 u - a scroll of random uselessness {unknown}
 y - 2 scrolls of blinking {unknown}
Potions
 e - a potion of mutation
 h - a potion of agility {unknown}
 i - a potion of flight
 m - a potion of cancellation
 o - a potion of brilliance {unknown}
 q - a potion of haste {unknown}
 E - a potion of magic {unknown}
Comestibles
 c - 9 rations


   Skills:
 * Level 4.8 Fighting
 * Level 5.2(6.4) Maces & Flails
 * Level 5.6(6.6) Staves
 * Level 2.0 Throwing
 * Level 4.4 Armour
 * Level 3.5 Dodging
 * Level 3.4 Stealth
 + Level 0.2 Unarmed Combat
 + Level 0.6 Evocations


You had 7 spell levels left.
You didn't know any spells.
Your spell library was empty.

Dungeon Overview and Level Annotations

Branches:
Dungeon (6/15)
 Temple: D:4-7

Altars:
Ashenzari
Fedhas
Gozag
Hepliaklqana
Trog
Uskayaw
Vehumet
Wu Jian
Xom
Zin


Innate Abilities, Weirdness & Mutations

You have a pair of small horns on your head.
You are partially covered in icy blue scales. (AC +2)
You regenerate a little health from kills.
You have large cloven feet.
You are very frail. (-20% HP)


Message History

It was a potion of mutation.
You feel extremely strange.
You feel frail. x2; Your feet thicken and deform.
You feel sick. Something bites you but does no damage. Something bites you.
* * * LOW HITPOINT WARNING * * *
It was a potion of flight.
You feel very buoyant.
You fly up into the air.
Something bites you but does no damage. Something bites you.
* * * LOW HITPOINT WARNING * * *
You hit something.
You feel sick.
Something bites you but does no damage. x3
It was a potion of cancellation.
Your magical effects are unravelling.
You feel magically purged.
You float gracefully downwards.
You feel sick.
Something bites you but does no damage. x2
You miss something.
Something bites you but does no damage. x2
You closely miss something. Your kick misses something.
You feel sick. Something bites you.
* * * LOW HITPOINT WARNING * * *
Something bites you.
You die...

######### ....§...#
........# ........#
........# ........#
........#############.
.......l{@............
..(....5######......#.
..$.....# #.####.#
........# #.# .########
#.#
#############.####.#
...................#
#############)###..#...
#.# ####.)†......#


You could see a crimson imp and a leopard gecko.

Vanquished Creatures
  A two-headed ogre (D:6)
  Grinder (D:5)
  Duvessa (D:4)
  A phantom (D:5)
  A big kobold (D:6)
  Blork the orc (D:5)
  Dowan (D:4)
  A scorpion (D:5)
  3 crimson imps (D:5)
  A centaur zombie (D:5)
  A hound (D:5)
  Crazy Yiuf (D:2)
  An orc wizard (D:5)
  Natasha (thrice) (D:2)
  2 iguanas
  4 worker ants
  5 adders
  A shadow imp (D:6)
  5 worms
  5 dart slugs
  A leopard gecko (D:2)
  9 orcs
  8 bats
  13 goblins
  8 hobgoblins
  9 jackals
  15 kobolds
  A quokka (D:4)
  3 frilled lizards
  2 quokka skeletons
  3 rats
112 creatures vanquished.

Vanquished Creatures (others)
  A centaur skeleton (D:6)
1 creature vanquished.

Grand Total: 113 creatures vanquished

Notes
Turn   | Place    | Note
-------+----------+-------------------------------------------
     0 | D:1      | Balder the Demonspawn Berserker began the quest for the
                  | Orb.
     0 | D:1      | Reached XP level 1. HP: 18/18 MP: 1/1
   238 | D:1      | Gained mutation: You have a pair of small horns on your
                  | head. [demonic ancestry]
   238 | D:1      | Reached XP level 2. HP: 22/24 MP: 2/2
   681 | D:1      | Reached ** piety under Trog
   784 | D:1      | Reached XP level 3. HP: 29/29 MP: 3/3
  1038 | D:2      | Noticed Natasha
  1043 | D:2      | Killed Natasha
  1153 | D:2      | Reached XP level 4. HP: 29/35 MP: 4/4
  1261 | D:2      | Reached skill level 1 in Stealth
  1467 | D:2      | Found a runed translucent door.
  1468 | D:2      | Noticed Crazy Yiuf
  1479 | D:2      | Killed Crazy Yiuf
  1765 | D:2      | Noticed Natasha
  1775 | D:2      | Killed Natasha
  1775 | D:2      | Reached XP level 5. HP: 41/41 MP: 5/5
  1779 | D:2      | Noticed Natasha
  1795 | D:2      | Killed Natasha
  1852 | D:2      | Found an opulent altar of Gozag.
  1860 | D:2      | Found a blossoming altar of Fedhas.
  1867 | D:2      | Found a radiant altar of Vehumet.
  2188 | D:3      | Found a hide-covered altar of Uskayaw.
  2791 | D:4      | Noticed Dowan
  2791 | D:4      | Noticed Duvessa
  2801 | D:4      | Killed Duvessa
  2801 | D:4      | Reached skill level 1 in Staves
  2801 | D:4      | Reached XP level 6. HP: 48/48 MP: 6/6
  2808 | D:4      | Killed Dowan
  3169 | D:4      | Found a bloodstained altar of Trog.
  3285 | D:4      | Found a shimmering altar of Xom.
  3305 | D:4      | Found an ornate altar of the Wu Jian Council.
  3585 | D:4      | Found a bloodstained altar of Trog.
  3606 | D:4      | Reached *** piety under Trog
  3678 | D:5      | Entered Level 5 of the Dungeon
  3697 | D:5      | Noticed Grinder
  3708 | D:5      | Paralysed by Grinder for 6 turns
  3724 | D:5      | Killed Grinder
  3724 | D:5      | Gained mutation: You regenerate a little health from kills.
                  | [demonic ancestry]
  3724 | D:5      | Reached XP level 7. HP: 32/54 MP: 7/7
  3857 | D:5      | Noticed Blork the orc
  3868 | D:5      | Killed Blork the orc
  3939 | D:5      | Found a shattered altar of Ashenzari.
  3949 | D:5      | Got a scintillating graven amulet
  4223 | D:5      | Found a glowing silver altar of Zin.
  4313 | D:5      | Reached skill level 1 in Throwing
  4313 | D:5      | Gained mutation: You are partially covered in icy blue
                  | scales. (AC +2) [demonic ancestry]
  4313 | D:5      | Reached XP level 8. HP: 57/61 MP: 8/8
  4376 | D:5      | Found a hazy altar of Hepliaklqana.
  4790 | D:6      | Identified the amulet "Kitoatep" {*Contam rPois MR+ Regen+}
                  | (You found it on level 5 of the Dungeon)
  4817 | D:6      | Noticed a two-headed ogre
  4830 | D:6      | Killed a two-headed ogre
  4830 | D:6      | Reached skill level 5 in Maces & Flails
  4830 | D:6      | Reached skill level 5 in Staves
  5049 | D:6      | Reached **** piety under Trog
  5081 | D:6      | Gained mutation: You are frail. (-10% HP) [potion of
                  | mutation]
  5081 | D:6      | Gained mutation: You are very frail. (-20% HP) [potion of
                  | mutation]
  5081 | D:6      | Gained mutation: You have large cloven feet. [potion of
                  | mutation]
  5086 | D:6      | Slain by a water moccasin

Levels and vault maps discovered:
D:1:      evilmike_arrival_rings, layout_basic
D:2:      layout_basic, grunt_temple_overflow_diamond, kennysheep_doodads,
          uniq_natasha, uniq_crazy_yiuf_cottage
D:3:      layout_loops_ring, marbit_many_paths
D:4:      layout_loops_cross, lemuel_doored_altar, xom_butterflies,
          kennysheep_mini, first_ration, trog_hazing_becter, uniq_duvessa
D:5:      layout_basic, old_standard_altar, old_standard_altar, zin_statuary,
          chequers_serial_rivers_micro_a, uniq_blork_the_orc, uniq_grinder
D:6:      layout_basic, basic_altar, hangedman_decor_opposing,
          kennysheep_generic_room_12

Skill      XL: |  1  2  3  4  5  6  7  8 |
---------------+-------------------------+-----
Maces & Flails | 3 4 5 |  5.2
Dodging        | 2 3 |  3.5
Armour         | 2 3 4 |  4.4
Stealth        | 1 2 3 |  3.4
Staves         | 1 2 3 5 |  5.6
Fighting       | 4 |  4.8
Throwing       | 1 2 |  2.0
Unarmed Combat | |  0.2
Evocations     | |  0.6

Action                   |  1- 3 |  4- 6 |  7- 9 || total
-------------------------+-------+-------+-------++-------
Melee: Mace              |    91 |    53 |    13 ||   157
       Headbutt          |     8 |    14 |    21 ||    43
       Quarterstaff      |       |    76 |   120 ||   196
       Unarmed           |       |    12 |       ||    12
Throw: Boomerang         |       |       |     3 ||     3
Evoke: Wand              |       |       |     5 ||     5
  Use: Scroll            |       |       |     4 ||     4
       Potion            |       |       |     4 ||     4
  Eat: Chunk             |     1 |     8 |     4 ||    13
Armor: Animal skin       |    10 |       |       ||    10
       Ring mail         |    18 |    17 |       ||    35
       Chain mail        |       |    31 |    89 ||   120
       Skin              |       |     4 |       ||     4
Dodge: Dodged            |    70 |    74 |    28 ||   172
